 Dungeon Crawl Stone Soup version 0.25.0-9-g26727b657a (webtiles) character file.

Game seed: 5594046063680905020

208 Apogee the Twirler (level 5, -3/30 HPs)
             Began as a Gargoyle Gladiator on June 18, 2020.
             Blown up by an orc wizard (33 damage)
             ... with a disintegration bolt
             ... on level 3 of the Dungeon.
             The game lasted 00:04:13 (2484 turns).

Apogee the Twirler (Gargoyle Gladiator)             Turns: 2484, Time: 00:04:14

Health: -3/30      AC: 18    Str: 18    XL:     5   Next: 86%
Magic:  5/5        EV:  5    Int:  9    God:
Gold:   265        SH:  0    Dex: 11    Spells: 4/4 levels left

rFire    . . .     SeeInvis .   a - +0 quarterstaff
rCold    . . .     Gourm    .   (shield currently unavailable)
rNeg     + . .     Faith    .   h - +0 plate armour
rPois    ∞         Spirit   .   c - +0 helmet
rElec    +         Reflect  .   (no cloak)
rCorr    .         Harm     .   l - +2 pair of gloves
MR       .....                  (no boots)
Stlth    ..........             (no amulet)
HPRegen  0.10/turn              (no ring)
MPRegen  0.09/turn              (no ring)

@: no status effects
A: negative energy resistance 1, electricity resistance, unbreathing,
petrification resistance, rot immunity, AC +4
a: no special abilities


You were on level 3 of the Dungeon.
You were not hungry.

You visited 1 branch of the dungeon, and saw 3 of its levels.

You collected 265 gold pieces.

Inventory:

Hand Weapons
 a - a +0 quarterstaff (weapon)
 b - a +4 hunting sling
Missiles
 d - 3 throwing nets (quivered)
 o - 2 poisoned darts
 r - 21 stones
Armour
 c - a +0 helmet (worn)
 h - a +0 plate armour (worn)
 l - a +2 pair of gloves (worn)
Jewellery
 e - a cursed -4 ring of evasion {unknown}
Scrolls
 i - 4 scrolls of remove curse {unknown}
 k - 2 scrolls of teleportation {unknown}
 p - a scroll of blinking {unknown}
 q - 2 scrolls of identify {unknown}
 s - 2 scrolls of fear {unknown}
Potions
 j - a potion of curing {unknown}
 m - a potion of heal wounds {unknown}
 n - a potion of haste {unknown}
 t - a potion of resistance {unknown}
Comestibles
 f - 6 rations
 g - 4 chunks of flesh


   Skills:
 - Level 2.1 Fighting
 + Level 6.3 Staves
 - Level 1.7 Throwing
 - Level 2.4 Dodging


You had 4 spell levels left.
You didn't know any spells.
Your spell library was empty.

Dungeon Overview and Level Annotations

Branches:
Dungeon (3/15)

Altars:


Innate Abilities, Weirdness & Mutations

You are resistant to torment.
Your stone body is resilient. (AC +4)
You are immune to poison.
You resist negative energy. (rN+)
You are resistant to electric shocks. (rElec)
You can survive without breathing.
You are immune to petrification.
You are immune to rotting.


Message History

Found a stone staircase leading down and a stone staircase leading up.
You see here a +0 dagger.
Your plate armour prevents you from hitting the orc wizard.
An orc comes into view. It is wielding a +0 whip.
The orc wizard hits you but does no damage.
You closely miss the orc wizard.
The orc shouts!
The orc wizard hits you but does no damage.
An orc comes into view. It is wielding a +2 trident of venom.
You closely miss the orc wizard.
The orc wizard hits you but does no damage.
Unknown command.
You thump the orc wizard!
The orc wizard is heavily wounded.
The orc wizard mumbles some strange words.
The orc wizard flickers and vanishes!
Deactivating autopickup; reactivate with Ctrl-A.
The orc wizard zaps a wand.
You are blasted!
Ouch! That really hurt!
You die...

#....# #.
####.# #.
#.# #. #.#
#> #.# #.
#.# #. #.#
###.#####.#
#...@.....#
#.#o#######
... .....
##..K{
#)....
#...<.
#.....


You could see an orc wizard and a kobold.

Vanquished Creatures
  A howler monkey (D:3)
  Terence (D:3)
  A hound skeleton (D:2)
  2 adders
  4 gnolls (D:3)
  2 dart slugs
  A leopard gecko (D:2)
  2 orcs (D:3)
  11 bats
  3 giant cockroaches
  9 goblins
  6 hobgoblins
  2 jackals (D:2)
  11 kobolds
  6 frilled lizards
  10 rats
72 creatures vanquished.

Notes
Turn   | Place    | Note
-------+----------+-------------------------------------------
     0 | D:1      | Apogee the Gargoyle Gladiator began the quest for the Orb.
     0 | D:1      | Reached XP level 1. HP: 12/12 MP: 1/1
   303 | D:1      | Reached XP level 2. HP: 7/17 MP: 2/2
   771 | D:1      | Reached skill level 4 in Staves
   797 | D:1      | Reached XP level 3. HP: 17/21 MP: 3/3
  1496 | D:2      | Reached XP level 4. HP: 20/26 MP: 4/4
  1666 | D:2      | Reached skill level 5 in Staves
  2153 | D:3      | Reached XP level 5. HP: 30/30 MP: 5/5
  2316 | D:3      | Noticed Terence
  2345 | D:3      | Killed Terence
  2345 | D:3      | Reached skill level 6 in Staves
  2484 | D:3      | Blown up by an orc wizard

Illustrated notes

Levels and vault maps discovered:
D:1:      dpeg_cavernosity, layout_basic, minmay_misc_feat_doors
D:2:      layout_basic, minmay_octomino_c4
D:3:      wander_river, layout_loops_ring, hangedman_decor_lopped,
          feat_on_display, uniq_jessica, uniq_terence

Skill      XL: |  1  2  3  4  5 |
---------------+----------------+-----
Staves         | 4 5 6 |  6.3
Fighting       | |  2.1
Throwing       | |  1.7
Dodging        | |  2.4

Action                   |  1- 3 |  4- 6 || total
-------------------------+-------+-------++-------
Melee: Quarterstaff      |   104 |   144 ||   248
 Stab: Sleeping          |     1 |       ||     1
  Eat: Chunk             |     2 |     3 ||     5
Armor: Leather armour    |    21 |       ||    21
       Plate armour      |    27 |   113 ||   140
Dodge: Dodged            |    58 |    54 ||   112
